 Dungeon Crawl Stone Soup version 0.19-a0-1007-g133f65f (webtiles) character file.

14539 Implojin the Fighter (level 11, -6/123 HPs)
             Began as a Troll Fighter on July 19, 2016.
             Was a High Priest of Okawaru.
             Mangled by a merfolk impaler
             ... wielding a +5 vampiric trident
              (27 damage)
             ... on level 2 of the Shoals.
             The game lasted 00:22:08 (2956 turns).

Implojin the Fighter (Troll Fighter)                Turns: 2956, Time: 00:22:09

Health: -6/123     AC:  6    Str: 26    XL:     11   Next: 90%
Magic:  4/11       EV: 20    Int:  4    God:    Okawaru [*****.]
Gold:   267        SH: 12    Dex: 17    Spells: 0 memorised, 10 levels left

rFire  + . .     SeeInvis .       - Unarmed
rCold  . . .     Gourm    +     x - +1 robe {rF+}
rNeg   . . .     Faith    .     b - +0 shield
rPois  .         Spirit   .     (helmet restricted)
rElec  .         Dismiss  .     (no cloak)
rCorr  .         Reflect  .     (gloves unavailable)
SustAt .         Harm     .     (boots unavailable)
MR     .....                    (no amulet)
Stlth  +++++.....               (no ring)
                                y - ring of stealth

@: agile, lethally poisoned (-6 -> -9), heroism, finesse, very slightly
contaminated, hasted, very quick, not resistant to hostile enchantments, quite
stealthy
A: unfitting armour, claws 3, fast metabolism 3, gourmand, regeneration 2,
shaggy fur 1, tough skin 2
a: Heroism, Finesse, Renounce Religion


You were on level 2 of the Shoals.
You worshipped Okawaru.
Okawaru was extremely pleased with you.
You were very full.

You visited 3 branches of the dungeon, and saw 18 of its levels.
You also visited: Volcano.

You collected 267 gold pieces.

Inventory:

Hand Weapons
 i - a +2 scimitar of flaming
 v - the +7 flail of the Moth {holy, rPois rN+, unknown}
   (You found it on level 3 of the Lair of Beasts)

   It has been blessed by the Shining One to cause great damage to the undead
   and demons.
   It protects you from poison.
   It protects you from negative energy.
 A - the +4 bardiche "Oghecug" {elec, rC+, unknown}
   (Okawaru gifted it to you on level 3 of the Lair of Beasts)

   Occasionally, upon striking a foe, it will discharge some electrical energy
   and cause terrible harm.
   It protects you from cold.
 D - a +1 vampiric long sword
 H - a +2 war axe of flaming
 J - a +1 executioner's axe of flaming
Missiles
 h - 12 tomahawks (quivered)
 z - 7 poisoned javelins
Armour
 a - a +0 robe
 b - a +0 shield (worn)
 x - a +1 robe of fire resistance (worn)
Jewellery
 y - a ring of stealth (left claw)
Wands
 w - a wand of iceblast (9/15)
 B - a wand of enslavement (12/24)
Scrolls
 c - 2 scrolls of remove curse
 e - a scroll of immolation {unknown}
 j - a scroll of vulnerability {unknown}
 m - a scroll of recharging
 p - a scroll of amnesia {unknown}
Potions
 g - a potion of lignification {unknown}
 o - 2 potions of cure mutation
 r - a potion of flight
 s - 2 potions of magic
 u - a potion of resistance
 F - 2 potions of berserk rage
 I - a potion of brilliance {unknown}
Comestibles
 d - 4 bread rations
 f - 3 meat rations
 k - a royal jelly
 q - 2 beef jerkies
 t - 2 slices of pizza
 C - 2 chunks of flesh


   Skills:
 - Level 12.2(17.2) Fighting
 - Level 2.4(7.4) Dodging
 - Level 4.0(9.0) Shields
 - Level 12.0(17.0) Unarmed Combat
 * Level 2.5 Invocations


You had 10 spell levels left.
You didn't know any spells.

Dungeon Overview and Level Annotations

Branches:
Dungeon (12/15)              Lair (4/6) D:9          Shoals (2/4) Lair:2
 Temple: D:4-7        Snake: Lair:2-4    Spider: Lair:2-4       Orc: D:9-12

Altars:
Okawaru
Sif Muna
Vehumet

Shops:
D:5 (

Annotations:
D:10 Maurice
Lair:2 exclusion: upstairs


Innate Abilities, Weirdness & Mutations

You are too large for most types of armour.
You have claws for hands.
Your metabolism is lightning-fast.
You like to eat raw meat.
You heal very quickly.
You are covered in fur. (AC +1)
You have very tough skin. (AC +2)


Message History

Okay, then.
You feel agile all of a sudden.
You feel sick.
The merfolk hits you from afar with a trident!
* * * LOW HITPOINT WARNING * * *
Unknown command.
Unknown command.
Unknown command.
Okay, then.
Okay, then.
A water elemental comes into view.
You feel sick.
Found a stone staircase leading down.
You feel sick.
Found a scroll labeled XOERIRCH EMNE.
You feel sick.
The merfolk shouts!
The merfolk throws a throwing net.
The throwing net hits you.
You become entangled in the net!
You feel sick.
You struggle against the net.
You feel sick.
You tear a large gash into the net.
You feel like a meek peon again.
You feel sick.
You rip the net and break free!
You feel sick.
You gain the combat prowess of a mighty hero.
You feel sick.
The merfolk throws a tomahawk.
The tomahawk barely misses you.
You claw the merfolk impaler!
The merfolk impaler is lightly wounded.
You miss the merfolk impaler.
The merfolk impaler is lightly wounded.
You feel sick. The merfolk impaler closely misses you.
You block the merfolk's attack.
You mangle the merfolk impaler!!
The merfolk impaler is heavily wounded.
You closely miss the merfolk impaler.
The merfolk impaler is heavily wounded.
You feel sick.
The merfolk impaler hits you with a vampiric trident!!
You die...

.≈≈≈≈≈≈.. ..≈≈≈≈≈
≈E≈≈≈≈≈.# #.≈≈≈≈≈≈≈
..≈≈≈≈≈.###?≈≈≈≈≈≈≈≈
..≈≈≈≈≈≈....≈≈≈≈≈≈≈≈
..≈≈≈≈.....≈≈≈≈≈≈≈≈≈≈
..≈≈≈≈≈....≈≈≈≈≈≈≈≈≈≈≈
...≈≈≈≈...m..≈..≈≈≈≈≈≈≈
...≈≈≈≈m##..≈≈..≈≈≈≈≈≈≈≈
..≈≈.≈≈≈@##..≈..≈≈≈≈≈≈≈≈
.≈≈≈.≈≈≈......≈≈≈≈≈≈≈≈≈≈
..≈≈≈≈≈≈..m...≈≈≈≈≈≈≈≈≈≈
...≈......≈...≈≈≈≈≈≈≈≈≈≈
.....≈≈≈.(..#..≈≈≈≈≈≈≈≈≈
..#..≈≈≈≈≈.)..P≈≈≈≈≈≈≈≈≈
>...P≈≈≈≈≈≈...≈≈(≈≈≈≈≈≈≈
..?..≈≈≈≈≈≈≈≈≈≈≈≈≈≈≈≈≈≈
.≈≈≈≈≈≈≈≈≈≈≈≈≈≈≈≈≈≈


You could see a merfolk impaler, a merfolk and a water elemental.

Vanquished Creatures
  Donald (Shoals:1)
  Urug (D:10)
  A sea snake (Shoals:2)
  2 hill giants (D:11)
  An orc sorcerer (Volcano)
  2 wolf spiders (Lair:3)
  A siren (Shoals:1)
  A centaur zombie (D:11)
  A black mamba (Lair:1)
  5 spiny frogs
  2 komodo dragons
  An efreet (D:11)
  Prince Ribbit (D:9)
  2 blink frogs
  A vampire (D:11)
  12 yaks
  2 water elementals (Shoals:1)
  A wyvern (D:10)
  7 water moccasins
  A porcupine (Lair:3)
  8 orc warriors
  An ogre (D:5)
  The ghost of Shard1697 the Cudgeler, an amateur FoFi (D:3)
  7 centaurs
  A big kobold (D:8)
  7 crocodiles
  4 giant frogs
  A scorpion (D:4)
  A crimson imp (D:6)
  A jelly (D:9)
  An orc priest (D:9)
  A centaur skeleton (D:4)
  A giant frog skeleton (D:10)
  4 iguanas
  4 orc wizards
  A worker ant (D:5)
  9 adders
  2 river rats
  A shadow imp (D:5)
  An adder zombie (D:6)
  A dart slug (D:3)
  20 orcs
  2 jackals
  7 kobolds (D:8)
  3 quokkas
  A ball python (D:1)
  A giant newt (D:4)
  A fungus (Lair:3)
139 creatures vanquished.

Vanquished Creatures (others)
  A fungus (Lair:4)
1 creature vanquished.

Grand Total: 140 creatures vanquished

Notes
Turn   | Place    | Note
-------+----------+-------------------------------------------
     0 | D:1      | Implojin the Troll Fighter began the quest for the Orb.
     0 | D:1      | Reached XP level 1. HP: 22/22 MP: 0/0
    36 | D:2      | Reached XP level 2. HP: 22/29 MP: 1/1
    84 | D:3      | Noticed a centaur
    89 | D:3      | Killed a centaur
    89 | D:3      | Reached skill level 4 in Unarmed Combat
    89 | D:3      | Reached XP level 3. HP: 30/36 MP: 2/2
    89 | D:3      | Reached XP level 4. HP: 37/44 MP: 3/3
   225 | D:3      | Noticed Shard1697's ghost (amateur FoFi)
   232 | D:3      | Killed Shard1697's ghost
   232 | D:3      | Reached skill level 5 in Unarmed Combat
   232 | D:3      | Reached XP level 5. HP: 39/50 MP: 4/4
   315 | D:3      | Found a faded altar of an unknown god.
   343 | D:4      | Reached skill level 6 in Unarmed Combat
   372 | D:4      | Found a deep blue altar of Sif Muna.
   414 | D:4      | Found an iron altar of Okawaru.
   419 | D:4      | Became a worshipper of Warmaster Okawaru
   429 | D:4      | Reached XP level 6. HP: 57/59 MP: 5/5
   433 | D:5      | Entered Level 5 of the Dungeon
   469 | D:5      | Found Palucronk's Antique Weapon Emporium.
   506 | D:5      | Reached skill level 7 in Unarmed Combat
   664 | D:7      | Reached * piety under Okawaru
   664 | D:7      | Reached XP level 7. HP: 65/66 MP: 6/6
   772 | D:8      | Reached skill level 1 in Invocations
   789 | D:8      | Reached skill level 2 in Invocations
   834 | D:9      | Reached skill level 8 in Unarmed Combat
   869 | D:10     | Entered Level 10 of the Dungeon
   904 | D:10     | Noticed a wyvern
   912 | D:10     | Killed a wyvern
   949 | D:10     | Reached ** piety under Okawaru
   949 | D:10     | Reached skill level 9 in Unarmed Combat
   949 | D:10     | Reached XP level 8. HP: 41/74 MP: 5/8
  1004 | D:9      | Noticed an elephant
  1030 | D:9      | Reached skill level 10 in Unarmed Combat
  1070 | D:10     | Noticed Maurice
  1122 | D:10     | Noticed Urug
  1138 | D:10     | Killed Urug
  1138 | D:10     | Reached skill level 11 in Unarmed Combat
  1138 | D:10     | Reached XP level 9. HP: 6/80 MP: 7/9
  1205 | D:11     | Reached *** piety under Okawaru
  1205 | D:11     | Reached skill level 12 in Unarmed Combat
  1206 | D:11     | Reached skill level 3 in Fighting
  1232 | D:11     | Noticed a hill giant
  1242 | D:11     | Reached skill level 4 in Fighting
  1247 | D:11     | Killed a hill giant
  1247 | D:11     | Reached **** piety under Okawaru
  1247 | D:11     | Reached skill level 5 in Fighting
  1259 | D:11     | Noticed a hill giant
  1260 | D:11     | Reached skill level 6 in Fighting
  1266 | D:11     | Killed a hill giant
  1266 | D:11     | Reached XP level 10. HP: 53/100 MP: 7/10
  1439 | D:11     | Reached skill level 7 in Fighting
  1649 | D:9      | Found a staircase to the Lair.
  1651 | D:9      | Noticed Prince Ribbit
  1658 | D:9      | Killed Prince Ribbit
  1675 | Lair:1   | Entered Level 1 of the Lair of Beasts
  1697 | Lair:1   | Noticed a spiny frog
  1702 | Lair:1   | Noticed a black mamba
  1712 | Lair:1   | Killed a spiny frog
  1712 | Lair:1   | Reached skill level 8 in Fighting
  1721 | Lair:1   | Killed a black mamba
  1721 | Lair:1   | Reached ***** piety under Okawaru
  1745 | Lair:2   | Found a radiant altar of Vehumet.
  1785 | Lair:2   | Reached skill level 9 in Fighting
  1855 | Lair:3   | Received a gift from Okawaru
  1857 | Lair:3   | Noticed a wolf spider
  1857 | Lair:3   | Noticed a wolf spider
  1859 | Lair:3   | Noticed a spiny frog
  1870 | Lair:3   | Killed a wolf spider
  1872 | Lair:3   | Killed a wolf spider
  1874 | Lair:3   | Killed a spiny frog
  1874 | Lair:3   | Received a gift from Okawaru
  1874 | Lair:3   | Reached skill level 10 in Fighting
  1875 | Lair:3   | Got a pitted bardiche {god gift}
  1954 | Lair:3   | Reached XP level 11. HP: 94/117 MP: 8/11
  1957 | Lair:3   | Found a dark tunnel.
  1960 | Lair:3   | Got a smoking flail
  1989 | Volcano  | Entered a volcano
  2100 | Volcano  | Noticed an orc sorcerer
  2109 | Volcano  | Killed an orc sorcerer
  2526 | Lair:4   | Reached skill level 11 in Fighting
  2579 | Lair:4   | Noticed a five-headed hydra
  2715 | Lair:2   | Found a staircase to the Shoals.
  2774 | Shoals:1 | Entered Level 1 of the Shoals
  2774 | Shoals:1 | Noticed Donald
  2792 | Shoals:1 | Killed Donald
  2792 | Shoals:1 | Reached skill level 12 in Fighting
  2845 | Shoals:1 | Received a gift from Okawaru
  2845 | Shoals:1 | Reached skill level 3 in Shields
  2869 | Shoals:1 | Noticed a merfolk aquamancer
  2923 | Shoals:2 | Noticed a griffon
  2924 | Shoals:2 | Noticed a sea snake
  2932 | Shoals:2 | Noticed a merfolk impaler
  2943 | Shoals:2 | Killed a sea snake
  2943 | Shoals:2 | Reached skill level 4 in Shields
  2956 | Shoals:2 | Mangled by a merfolk impaler

Vault maps used:
D:1:      erik_arrival_triangle_medium, kennysheep_nondescript,
          hangedman_decor_growths, minmay_tree_intersection
D:2:      gammafunk_temple_overflow_pools, uniq_terence, uniq_iyjb
D:3:      old_standard_altar, ecumenical_altar_1, first_bread
D:4:      fiery_altar_vehumet, kennysheep_mini_moat,
          nicolae_overflow_crystal_walls, overflow_temple_1_default,
          lemuel_blue_sif_altar
D:5:      serial_shops, shop, basic_altar, hangedman_decor_push,
          grunt_decor_cap, chei_slow_surprise
D:6:      nicolae_gozag_cash_rules_everything_around_me, nrook_loot_triangle
D:7:      lemuel_coloured_pillars_altar, nicolae_ossuary_entry_catacombs
D:8:      lemuel_doored_altar, lemuel_zombie_altar_yredelemnul,
          old_standard_altar, uniq_pikel
D:9:      david_lair_generic, nemelex_diamond_rough_becter, uniq_prince_ribbit1
D:10:     serial_shops, shop, uniq_maurice, uniq_urug
Lair:1:   uniq_harold
Lair:2:   minmay_lair_oklob_tunnel, minmay_shoals_entry_centaurs,
          portal_ice_cave_entry_pillars_2, basic_altar
Lair:3:   minmay_lair_venomous_thicket, guppyfry_snake_entry_garden,
          nicolae_volcano_entry_two_sided, grunt_megastairs_2,
          lemuel_fruit_fields, uniq_fannar
Shoals:1: serial_shops, shop, uniq_donald
Shoals:2: serial_shops, nicolae_shop_crystal, nicolae_shop_behind_doors,
          uniq_polyphemus, uniq_jorgrun
Volcano:  volcano_pools

Skill      XL: |  1  2  3  4  5  6  7  8  9 10 11 |
---------------+----------------------------------+-----
Unarmed Combat | 4 5 6 7 9 11 12 | 12.0
Invocations    | 2 |  2.5
Fighting       | 6 10 12 | 12.2
Shields        | 4 |  4.0
Dodging        | |  2.4

Action                   |  1- 3 |  4- 6 |  7- 9 | 10-12 || total
-------------------------+-------+-------+-------+-------++-------
Melee: Unarmed           |    14 |    80 |   139 |   213 ||   446
       War axe           |       |       |       |     3 ||     3
Throw: Tomahawk          |       |       |     1 |       ||     1
Invok: Heroism           |       |       |    11 |    30 ||    41
       Finesse           |       |       |       |     2 ||     2
  Use: Potion            |       |     1 |     1 |     3 ||     5
       Scroll            |       |       |     5 |    11 ||    16
 Stab: Sleeping          |       |       |       |     1 ||     1
  Eat: Chunk             |     1 |     8 |     8 |    14 ||    31
Armor: Robe              |     9 |    12 |    11 |    15 ||    47
Dodge: Dodged            |     7 |    27 |    32 |    84 ||   150
Block: Shield            |     9 |    27 |    68 |    96 ||   200

Table legend:
 A = Turns spent in this place as a percentage of turns spent in the entire game.
 B = Non-inter-level travel turns spent in this place as a percentage of non-inter-level travel turns spent in the entire game.
 C = Inter-level travel turns spent in this place as a percentage of turns spent in this place.
 D = Turns resting spent in this place as a percentage of non-inter-level travel turns spent in this place.
 E = Turns spent auto-exploring this place as a percentage of non-inter-level travel turns spent in this place.
 F = Non-inter-level travel turns spent in this place divided by the number of levels of this place that you've seen.
                   A       B       C       D       E      F
               +-------+-------+-------+-------+-------+----------------------
         Total | 100.0 | 100.0 |   0.0 |   0.0 |   0.0 | 157.4
       Dungeon |  56.2 |  56.2 |   0.0 |   0.0 |   0.0 | 140.0
          Lair |  31.8 |  31.8 |   0.0 |   0.0 |   0.0 | 237.8
        Shoals |   7.1 |   7.1 |   0.0 |   0.0 |   0.0 | 106.5
       Volcano |   4.9 |   4.9 |   0.0 |   0.0 |   0.0 | 146.0
               +-------+-------+-------+-------+-------+----------------------

Table legend:
 A = Kills in this place as a percentage of kills in entire the game.
 B = Kills by you in this place as a percentage of kills by you in the entire game.
 C = Kills by friends in this place as a percentage of kills by friends in the entire game.
 D = Other kills in this place as a percentage of other kills in the entire game.
 E = Experience gained in this place as a percentage of experience gained in the entire game.
 F = Experience gained in this place divided by the number of levels of this place that you have seen.
                   A       B       C       D       E      F
               +-------+-------+-------+-------+-------+----------------------
         Total | 100.0 | 100.0 |  -nan |  -nan | 100.0 | 1093.2
       Dungeon |  55.1 |  55.1 |  -nan |  -nan |  32.6 | 564.3
          Lair |  36.2 |  36.2 |  -nan |  -nan |  42.4 | 2203.8
        Shoals |   3.6 |   3.6 |  -nan |  -nan |  18.2 | 1894.0
       Volcano |   5.1 |   5.1 |  -nan |  -nan |   6.7 | 1395.0
               +-------+-------+-------+-------+-------+----------------------
